 Dungeon Crawl Stone Soup version 0.27-a0-1219-g958d993ae5 (webtiles) character file.

Game seed: 1658978872291847798

259 Likado the Magician (level 5, 0/38 HPs)
             Began as a Demonspawn Hedge Wizard on June 6, 2021.
             Shot with a stone by a goblin (3 damage)
             ... on level 4 of the Dungeon.
             The game lasted 00:05:04 (3918 turns).

Likado the Magician (Demonspawn Hedge Wizard)       Turns: 3918, Time: 00:05:04

Health: 0/38       AC:  3    Str: 10    XL:     5   Next: 95%
Magic:  11/11      EV: 12    Int: 16    God:
Gold:   31         SH:  0    Dex: 13    Spells: 9/12 levels left

rFire    . . .     SeeInvis +   b - +2 hunting sling (freeze)
rCold    . . .     Faith    .   (no shield)
rNeg     . . .     Spirit   .   g - +1 robe
rPois    +         Reflect  .   c - +0 hat
rElec    .         Harm     .   (no cloak)
rCorr    +         Rampage  .   (no gloves)
Will     +....                  (no boots)
Stlth    ++........             (no amulet)
HPRegen  0.12/turn              w - ring of the Muttering Queen {rPois Will+ rCorr SInv}
MPRegen  0.12/turn              (no ring)

@: no status effects
A: claws 2, powered by death 1, demonic magic 1
a: no special abilities


You were on level 4 of the Dungeon.
You visited 1 branch of the dungeon, and saw 4 of its levels.

You collected 73 gold pieces.
You spent 42 gold pieces at shops.

Inventory:

Hand Weapons
 a - a +2 short sword of flaming
   (You took it off a kobold on level 2 of the Dungeon)
 b - a +2 hunting sling of freezing (weapon)
   (You found it on level 1 of the Dungeon)
Missiles
 l - 87 stones (quivered ammo)
 v - 6 poisoned darts
Armour
 c - a +0 hat (worn)
 g - a +1 robe (worn)
Jewellery
 w - the ring of the Muttering Queen (left claw) {rPois Will+ rCorr SInv}
   (You found it on level 3 of the Dungeon)

   [ring of see invisible]

   It protects you from poison.
   It lets you see invisible.
   It protects you from acid and corrosion.
   It increases your willpower.
Wands
 r - a wand of charming (4)
   (You found it on level 3 of the Dungeon)
Scrolls
 k - 3 scrolls of fear
Potions
 d - 3 potions of brilliance
 e - a potion of degeneration {unknown}
 h - a potion of mutation {unknown}
 m - a potion of haste {unknown}
 o - a potion of heal wounds {unknown}
 p - a potion of curing {unknown}
 q - a potion of flight
 s - 2 potions of attraction {!q}
 t - a potion of might {unknown}
 u - a potion of resistance {unknown}


   Skills:
 + Level 1.8 Fighting
 - Level 1.7 Dodging
 - Level 2.2 Stealth
 * Level 4.2 Spellcasting
 * Level 3.1 Conjurations
 - Level 2.0 Summonings
 - Level 2.0 Translocations


You had 9 spell levels left.
You knew the following spells:

 Your Spells              Type           Power      Damage    Failure   Level
a - Magic Dart            Conj           52%        1d5       4%          1
c - Call Imp              Summ           9%         N/A       11%         2

Your spell library contained the following spells:

 Spells                   Type           Power      Damage    Failure   Level
 Blink                    Tloc           N/A        N/A       11%         2
 Ensorcelled Hibernation  Hex/Ice        6%         N/A       26%         2
 Slow                     Hex            3%         N/A       26%         2
 Conjure Flame            Conj/Fire      8%         6-21      26%         3
 Mephitic Cloud           Conj/Pois/Air  6%         N/A       32%         3


Dungeon Overview and Level Annotations

Branches:
Dungeon (4/15)             Temple (0/1) D:4

Altars:

Shops:
D:3 *

Portals:
Sewer: D:4


Innate Abilities, Weirdness & Mutations

You have very sharp fingernails.
You regenerate a little health from kills.
Spells you cast may paralyse adjacent enemies.


Message History

The stone freezes the giant cockroach.
You kill the giant cockroach!
You feel sick.
A howler monkey comes into view.
The giant cockroach bites you but does no damage.
Fire: 99 stones
Aim: a giant cockroach (59% to hit)
You shoot a stone.
The stone barely misses the giant cockroach.
The orc shouts!
You feel sick.
You are no longer poisoned.
The giant cockroach bites you but does no damage.
Fire: 98 stones
Aim: a giant cockroach (59% to hit)
You shoot a stone.
The stone completely misses the giant cockroach.
The giant cockroach bites you but does no damage. x3
You see here a stone.
The giant cockroach bites you but does no damage.
You see here a +0 whip.
The orc hits you with a +0 club.
* * * LOW HITPOINT WARNING * * *
The giant cockroach barely misses you.
There is an open door here.
You take 2 damage, and have 11/38 hp.
Fire: 97 stones
Aim: a giant cockroach (59% to hit)
You shoot a stone. The stone closely misses the orc.
The stone hits the giant cockroach but does no damage.
The orc hits you with a +0 club.
* * * LOW HITPOINT WARNING * * *
You take 4 damage, and have 8/38 hp.
Fire: 96 stones
Aim: a giant cockroach (59% to hit)
You shoot a stone. The stone hits the orc.
The stone freezes the orc.
The orc closely misses you. The orc completely misses you.
Fire: 95 stones
Aim: a giant cockroach (59% to hit)
You shoot a stone. The stone hits the orc.
The stone freezes the orc.
You kill the orc!
The giant cockroach closely misses you.
Fire: 94 stones
Aim: a giant cockroach (59% to hit)
You shoot a stone. The stone hits the giant cockroach.
The stone freezes the giant cockroach.
You kill the giant cockroach!
You regained 2 hp, and now have 11/38 hp.
Fire: 93 stones
Aim: a giant cockroach (59% to hit)
You shoot a stone.
The stone barely misses the howler monkey.
The stone barely misses the giant cockroach.
The howler monkey misses you.
The howler monkey hoots and howls with incredible vigour!
You hear a shout!
Fire: 92 stones
Aim: a giant cockroach (59% to hit)
You shoot a stone.
The stone barely misses the howler monkey.
The stone closely misses the giant cockroach.
The howler monkey hits you but does no damage.
Fire: 91 stones
Aim: a giant cockroach (59% to hit)
You shoot a stone.
The stone closely misses the howler monkey.
The stone closely misses the giant cockroach.
The howler monkey barely misses you. The howler monkey hits you.
* * * LOW HITPOINT WARNING * * *
You take 3 damage, and have 8/38 hp.
Fire: 90 stones
Aim: a howler monkey (55% to hit)
You shoot a stone.
The stone barely misses the howler monkey.
The howler monkey misses you.
Fire: 89 stones
Aim: a howler monkey (55% to hit)
You shoot a stone.
The stone barely misses the howler monkey.
The howler monkey hits you.
* * * LOW HITPOINT WARNING * * *
The howler monkey hits you.
* * * LOW HITPOINT WARNING * * *
You take 7 damage, and have 1/38 hp.
Fire: 88 stones
Aim: a howler monkey (55% to hit)
You shoot a stone. The stone hits the howler monkey.
The stone freezes the howler monkey.
The howler monkey completely misses you.
Okay, then.
The howler monkey hoots and howls with incredible vigour!
There is an open door here.
As you close the door, it creaks loudly!
You hear the brisk rusting of a drain nearby.
The howler monkey hoots and howls with incredible vigour!
The howler monkey hoots and howls with incredible vigour!
A goblin comes into view.
It is wielding a +0 club and carrying a wand of flame (12).
The goblin unwields a +0 club.
The goblin wields a +0 hunting sling.
The goblin shoots a stone.
The stone hits you.
You die...

...#####..............#
..................#+### ..
.....................
#.###....#...##.######### #
........................##
#...#......#.####.#######..#
.#.#..#####.#.g..# ##.##
...........#.#### #..# #
#.###...####@######### ##.#.#
#.###.).####.........####...#
#..........................[.
#############................
#..................
############........####....
#......#.........#### #....
#......#.......### #.(..
#......#....h..# #....


You could see a goblin.

Vanquished Creatures
  A bullfrog (D:4)
  A scorpion (D:4)
  Jessica (D:2)
  2 adders (D:4)
  An adder zombie (D:3)
  A worm (D:2)
  3 dart slugs
  4 orcs
  5 ball pythons
  4 bats
  4 endoplasms
  4 giant cockroaches
  5 goblins
  7 hobgoblins
  7 jackals
  4 quokkas
  2 frilled lizards (D:1)
  10 kobolds
  A rat (D:2)
67 creatures vanquished.

Notes
Turn   | Place    | Note
-------+----------+-------------------------------------------
     0 | D:1      | Likado the Demonspawn Hedge Wizard began the quest for the
                  | Orb.
     0 | D:1      | Reached XP level 1. HP: 13/13 MP: 4/4
   255 | D:1      | Reached skill level 1 in Translocations
   522 | D:1      | Gained mutation: You have sharp fingernails. [demonic
                  | ancestry]
   522 | D:1      | Reached XP level 2. HP: 18/19 MP: 1/6
  1209 | D:1      | HP: 5/20 [hobgoblin (3)]
  1211 | D:1      | Reached skill level 2 in Stealth
  1998 | D:2      | Found a faded altar of an unknown god.
  2095 | D:2      | Gained mutation: You regenerate a little health from kills.
                  | [demonic ancestry]
  2095 | D:2      | Reached XP level 3. HP: 25/25 MP: 7/7
  2559 | D:2      | Noticed Jessica
  2563 | D:2      | Killed Jessica
  2564 | D:2      | Reached skill level 1 in Fighting
  2602 | D:2      | Identified Jessica's Tome of Hexes
  2607 | D:2      | Learned a level 2 spell: Call Imp
  2753 | D:2      | Gained mutation: Spells you cast may paralyse adjacent
                  | enemies. [demonic ancestry]
  2753 | D:2      | Reached XP level 4. HP: 32/32 MP: 9/9
  2969 | D:3      | Found Wefephoh's Assorted Antiques.
  2980 | D:3      | Bought a black potion for 21 gold pieces
  2980 | D:3      | Bought an amethyst potion for 21 gold pieces
  3449 | D:3      | Identified the ring of the Muttering Queen {rPois Will+
                  | rCorr SInv}
  3679 | D:4      | Reached skill level 2 in Conjurations
  3779 | D:4      | Noticed a bullfrog
  3793 | D:4      | Killed a bullfrog
  3794 | D:4      | Reached skill level 4 in Spellcasting
  3794 | D:4      | Reached skill level 2 in Summonings
  3794 | D:4      | Gained mutation: You have very sharp fingernails. [demonic
                  | ancestry]
  3794 | D:4      | Reached XP level 5. HP: 29/37 MP: 9/11
  3805 | D:4      | Found a staircase to the Ecumenical Temple.
  3821 | D:4      | Reached skill level 2 in Translocations
  3823 | D:4      | Reached skill level 3 in Conjurations
  3876 | D:4      | Found a glowing drain.
  3896 | D:4      | HP: 8/38 [orc/+0 club (4)]
  3902 | D:4      | HP: 8/38 [howler monkey (3)]
  3904 | D:4      | HP: 1/38 [howler monkey (4)]
  3918 | D:4      | Shot with a stone by a goblin

Illustrated notes

Levels and vault maps discovered:
D:1:      dpeg_arrival_signposts, layout_basic
D:2:      layout_loops_ring, ebering_ecumenical_altar_webs, grunt_ministairs_2,
          kennysheep_jessica_study
D:3:      layout_basic, serial_shops, shop, minmay_checkerbox
D:4:      minmay_diamond_boxcup, layout_basic, minmay_temple_entry_glass,
          gup_sewer_entry_glass, st_stairs_12, uniq_menkaure

Skill      XL: |  1  2  3  4  5 |
---------------+----------------+-----
Translocations | 1 2 |  2.0
Stealth        | 2 |  2.2
Fighting       | 1 |  1.8
Conjurations   | 2 3 |  3.1
Spellcasting   | 4 |  4.2
Summonings     | 2 |  2.0
Dodging        | |  1.7

Action                   |  1- 3 |  4- 6 || total
-------------------------+-------+-------++-------
Melee: Dagger            |    43 |       ||    43
 Fire: Hunting sling     |    44 |    92 ||   136
 Cast: Magic Dart        |    37 |     2 ||    39
       Call Imp          |       |     1 ||     1
  Use: Scroll            |       |     8 ||     8
 Stab: Sleeping          |     1 |       ||     1
Armor: Robe              |    18 |    14 ||    32
Dodge: Dodged            |    43 |    30 ||    73

Table legend: (Time is in decaauts)
 A = Elapsed time spent in this place.
 B = Non-inter-level travel time spent in this place.
 C = Inter-level travel time spent in this place.
 D = Time resting spent in this place.
 E = Time spent auto-exploring this place.
 F = Levels seen in this place.
 G = Mean time per level.
                   A        B        C        D        E       F      G
               +--------+--------+--------+--------+--------+-----+--------+
         Total |   3947 |   3709 |    238 |    837 |   2229 |   4 |  986.8 |
       Dungeon |   3947 |   3709 |    238 |    837 |   2229 |   4 |  986.8 |
               +--------+--------+--------+--------+--------+-----+--------+

Top non-repeatable levels by time:
     D:1: 1856 daAuts
     D:2: 956 daAuts
     D:3: 865 daAuts
     D:4: 269 daAuts

Table legend:
 A = Kills in this place as a percentage of kills in entire the game.
 B = Kills by you in this place as a percentage of kills by you in the entire game.
 C = Kills by friends in this place as a percentage of kills by friends in the entire game.
 D = Other kills in this place as a percentage of other kills in the entire game.
 E = Experience gained in this place as a percentage of experience gained in the entire game.
 F = Experience gained in this place divided by the number of levels of this place that you have seen.
                   A       B       C       D       E      F
               +-------+-------+-------+-------+-------+----------------------
         Total | 100.0 | 100.0 |   N/A |   N/A | 100.0 |  92.8
       Dungeon | 100.0 | 100.0 |   N/A |   N/A | 100.0 |  92.8
               +-------+-------+-------+-------+-------+----------------------
